cohdb
Replays
Latest Replays
All Replays
Popular Replays
Top Player Replays
Match Explorer
How It Works
Community
CoH3 Stats
Reddit
Sign in to upload your games and track your stats! →
Sign in with Steam
Match 42076964
Unlisted
Match 42076964
Overview
Messages
Build Orders
End
Royal Engineer Section
Construct Section Command Post
Selects Air and Sea Battlegroup
Infantry Section
Dingo Light Scout Car
Infantry Section
Construct Platoon Command Post
Humber Armored Car
Selects Commando Section Paradrop
Selects Commando Support Section Paradrop
Construct Field Infirmary
Unlock M3 Stuart Light Tanks
M3 Stuart Light Tank
Commando Section Paradrop
M3 Stuart Light Tank
M3 Stuart Light Tank
Selects Incendiary Bombing Run
Incendiary Bombing Run
Commando Section Paradrop
M3 Stuart Light Tank
Infantry Training
6-pounder Anti-tank Gun Team
M3 Stuart Light Tank
M3 Stuart Light Tank
Incendiary Bombing Run
M3 Stuart Light Tank
Light Vehicle Training
Commando Section Paradrop
Royal Engineer Section
Incendiary Bombing Run
Paralyzer
Grand.G
0
0
Comments
sign in to comment!
No comments posted yet!